 Dungeon Crawl Stone Soup version 0.29.1-15-g9cfb28693d (webtiles) character file.

Game seed: 3375818711148270307

328 Eitelfritz the Chopper (level 6, -2/55 HPs)
             Began as a Hill Orc Fighter on Apr 25, 2023.
             Was a Follower of Uskayaw.
             Slain by a thrashing horror (3 damage)
             ... on level 1 of the Abyss.
             The game lasted 00:06:10 (3943 turns).

Eitelfritz the Chopper (Hill Orc Fighter)           Turns: 3943, Time: 00:06:10

Health: -2/55      AC:  9    Str: 21    XL:     6   Next: 50%
Magic:  8/8        EV:  9    Int:  8    God:    Uskayaw [*.....]
Gold:   45         SH:  4    Dex: 10    Spells: 5/5 levels left

rFire   . . .      SeeInvis .   a - +2 war axe
rCold   . . .      Faith    .   c - +0 buckler
rNeg    . . .      Spirit   .   b - +0 scale mail
rPois   .          Reflect  .   j - +1 helmet
rElec   .          Harm     .   (no cloak)
rCorr   .          Rampage  .   (no gloves)
Will    .....                   (no boots)
Stlth   ..........              (no amulet)
HPRegen 0.18/turn               (no ring)
MPRegen 0.11/turn               (no ring)

@: no status effects
A: no striking features
a: Renounce Religion, Stomp


You were on level 1 of the Abyss.
You worshipped Uskayaw.
Uskayaw was noncommittal.
You visited 1 branch of the dungeon, and saw 4 of its levels.
You visited the Abyss 1 time.

You collected 214 gold pieces.
You spent 169 gold pieces at shops.

Inventory:

Hand Weapons
 a - a +2 war axe (weapon)
Missiles
 f - 2 throwing nets
 p - 2 datura-tipped darts (quivered)
Armour
 b - a +0 scale mail (worn)
 c - a +0 buckler (worn)
 j - a +1 helmet (worn)
Scrolls
 d - 2 scrolls of magic mapping {unknown}
 h - a scroll of amnesia
 k - 2 scrolls of teleportation
Potions
 e - 2 potions of brilliance
 g - a potion of curing {unknown}
 i - a potion of invisibility {unknown}
 m - a potion of berserk rage {unknown}
 n - a potion of cancellation {unknown}
 q - a potion of heal wounds {unknown}


   Skills:
 + Level 4.8 Fighting
 + Level 4.8 Axes
 + Level 4.5 Armour
 + Level 1.1 Dodging
 + Level 1.0 Stealth
 + Level 3.9 Shields
 * Level 2.7 Invocations


You had 5 spell levels left.
You didn't know any spells.
Your spell library contained the following spells:

 Spells                   Type           Power      Damage    Failure   Level
 Beastly Appendage        Tmut           0%         N/A       83%         1
 Wereblood                Tmut           0%         N/A       92%         2
 Ozocubu's Armour         Ice            0%         N/A       99%         3
 Spider Form              Tmut/Pois      0%         N/A       99%         3
 Ozocubu's Refrigeration  Ice            0%         4d7       100%        7


Dungeon Overview and Level Annotations

Branches:
Dungeon (4/15)             Temple (0/1) D:4

Altars:
Nemelex Xobeh
Uskayaw

Shops:
D:3 ?(:


Message History

The kobold throws a poisoned dart.
The poisoned dart barely misses you.
The kobold throws a stone.
The stone closely misses you.
Unknown command.
You closely miss the kobold. You barely miss the hobgoblin.
You block the kobold's attack.
The kobold throws a poisoned dart.
The poisoned dart barely misses you.
The poisoned dart hits the hobgoblin!
The hobgoblin is poisoned.
The hobgoblin hits you but does no damage.
You block the kobold's attack. The hobgoblin closely misses you.
The orc drinks a potion.
The orc seems to grow stronger.
The kobold hits you but does no damage.
You are cast into the Abyss!
This branch contains the abyssal rune of Zot.
Found a corrupted altar of Lugonu.
Unknown command.
There is a corrupted altar of Lugonu here.
The large abomination hits you!!
Ouch! That really hurt!
You block the large abomination's attack.
The large abomination hits you!
* * * LOW HITPOINT WARNING * * *
Unknown command.
The large abomination hits you.
* * * LOW HITPOINT WARNING * * *
Found a gateway leading deeper into the Abyss.
Unknown command.
A thrashing horror comes into view.
The thrashing horror roars!
The thrashing horror tramples you but does no damage. x2
Unknown command.
The thrashing horror roars!
The thrashing horror tramples you.
* * * LOW HITPOINT WARNING * * *
You stumble backwards!
The thrashing horror tramples you!
* * * LOW HITPOINT WARNING * * *
You hold your ground!
The thrashing horror misses you.
The thrashing horror roars!
The thrashing horror tramples you.
You die...

#. .. .# . . ..
#. . .##. .###
#.#...# ..#
...##.###.#
.##.....##@#
........#X# #..
..#. #.....#.#
.
#....##X#..#...
#....###..#
#.... .##..#.#
#.#.#.#..#.#. #
## # .
#....##.# .## #
#. # ....#.# #
. .


You could see a thrashing horror.

Vanquished Creatures
  A black bear (D:4)
  A gnoll bouda (D:4)
  An orc priest (D:4)
  An orc wizard (D:4)
  3 gnolls (D:4)
  5 adders
  A worm (D:2)
  A dart slug (D:4)
  6 orcs
  9 endoplasms
  6 giant cockroaches
  7 goblins
  7 hobgoblins
  3 jackals (D:1)
  2 quokkas (D:2)
  7 ball pythons
  4 bats
  3 frilled lizards
  8 kobolds
  6 rats
82 creatures vanquished.

Vanquished Creatures (others)
  5 toadstools (D:4)
5 creatures vanquished.

Grand Total: 87 creatures vanquished

Notes
Turn   | Place    | Note
-------+----------+-------------------------------------------
     0 | D:1      | Eitelfritz the Hill Orc Fighter began the quest for the
                  | Orb.
     0 | D:1      | Reached XP level 1. HP: 19/19 MP: 1/1
     6 | D:1      | Noticed a snapping turtle
     6 | D:1      | Noticed a water moccasin
     7 | D:1      | Noticed a six-headed hydra
     7 | D:1      | Noticed a hog
   219 | D:1      | Reached XP level 2. HP: 27/27 MP: 2/2
  1048 | D:2      | Reached XP level 3. HP: 28/33 MP: 3/3
  1420 | D:2      | Reached XP level 4. HP: 32/40 MP: 4/4
  1902 | D:2      | Found a hide-covered altar of Uskayaw.
  1936 | D:2      | Became a worshipper of Uskayaw the Reveller
  2045 | D:3      | Found a faded altar of an unknown god.
  2092 | D:3      | Reached * piety under Uskayaw
  2158 | D:3      | Found Soshredi's Weapon Shoppe.
  2170 | D:3      | Bought 2 datura-tipped darts for 8 gold pieces
  2351 | D:3      | Reached ** piety under Uskayaw
  2417 | D:3      | Found Fez Caa's Book Shoppe.
  2594 | D:3      | Found Uhusymmy's Magic Scroll Emporium.
  2598 | D:3      | Bought a scroll of enchant weapon for 105 gold pieces
  2598 | D:3      | Bought a scroll of identify for 28 gold pieces
  2685 | D:3      | Found a sparkling altar of Nemelex Xobeh.
  3080 | D:3      | Bought a scroll of identify for 28 gold pieces
  3137 | D:4      | Noticed a black bear
  3175 | D:4      | Reached skill level 1 in Invocations
  3237 | D:4      | Reached *** piety under Uskayaw
  3239 | D:4      | Reached skill level 1 in Dodging
  3239 | D:4      | Reached XP level 5. HP: 12/47 MP: 4/6
  3242 | D:4      | Reached **** piety under Uskayaw
  3490 | D:4      | Reached XP level 6. HP: 27/53 MP: 7/7
  3739 | D:4      | Killed a black bear
  3740 | D:4      | Reached skill level 1 in Stealth
  3820 | D:4      | Found a staircase to the Ecumenical Temple.
  3877 | Abyss:1  | Found a corrupted altar of Lugonu.
  3877 | Abyss:1  | Cast into level 1 of the Abyss (kobold)
  3880 | Abyss:1  | Noticed a large abomination
  3919 | Abyss:1  | Found a corrupted altar of Lugonu.
  3938 | Abyss:1  | Noticed a thrashing horror
  3942 | Abyss:1  | HP: 1/55 [thrashing horror (7)]
  3943 | Abyss:1  | Slain by a thrashing horror

Illustrated notes

Levels and vault maps discovered:
D:1:      onia_arrival_zoo_common, layout_basic, minmay_tripent
D:2:      kennysheep_six_static_rooms, layout_basic, basic_altar
D:3:      layout_loops_cross, nemelex_dance_club_becter,
          nicolae_ecumenical_pavilion, serial_shops, shop, shop,
          nicolae_shop_statue_plus
D:4:      cheibrodos_fertilizer, layout_cave_pools, bloody_makhleb,
          minmay_temple_entry_slanted
Abyss:1:  base:
D:4

Skill      XL: |  1  2  3  4  5  6 |
---------------+-------------------+-----
Axes           | 3 4 |  4.8
Fighting       | 4 |  4.8
Invocations    | 1 2 |  2.7
Armour         | 4 |  4.5
Dodging        | 1 |  1.1
Stealth        | 1 |  1.0
Shields        | |  3.9

Action                   |  1- 3 |  4- 6 || total
-------------------------+-------+-------++-------
Melee: War axe           |    92 |   131 ||   223
  Use: Scroll            |       |     8 ||     8
       Potion            |       |     1 ||     1
 Stab: Paralysed         |       |     5 ||     5
Armor: Scale mail        |    62 |    67 ||   129
Dodge: Dodged            |    63 |    65 ||   128
Block: Buckler           |    25 |    36 ||    61
